 Dungeon Crawl Stone Soup version 0.26-a0-708-g17f3b190f9 (webtiles) character file.

Game seed: 7587420058342421170

94 karrick the Chopper (level 4, 20/34 HPs)
             Began as a Demonspawn Gladiator on Oct 28, 2020.
             Quit the game on level 2 of the Dungeon.
             The game lasted 00:02:26 (2090 turns).

karrick the Chopper (Demonspawn Gladiator)          Turns: 2090, Time: 00:02:26

Health: 20/34      AC:  7    Str: 14    XL:     4   Next: 38%
Magic:  2/4        EV: 13    Int: 10    God:
Gold:   168        SH:  0    Dex: 15    Spells: 3/3 levels left

rFire    . . .     SeeInvis .   a - +0 war axe
rCold    . . .     Faith    .   (no shield)
rNeg     . . .     Spirit   +   b - +0 leather armour
rPois    .         Reflect  .   c - +0 helmet
rElec    .         Harm     .   (no cloak)
rCorr    .         Rampage  .   (no gloves)
MR       .....                  o - +0 pair of boots
Stlth    +.........             (no amulet)
HPRegen  0.11/turn              (no ring)
MPRegen  0.09/turn              (no ring)

@: no status effects
A: hooves 1, slimy green scales 1, magic shield
a: no special abilities


You were on level 2 of the Dungeon.
You visited 1 branch of the dungeon, and saw 3 of its levels.

You collected 168 gold pieces.

Inventory:

Hand Weapons
 a - a +0 war axe (weapon)
 g - a +0 dagger of venom
Missiles
 d - 3 throwing nets (quivered)
Armour
 b - a +0 leather armour (worn)
 c - a +0 helmet (worn)
 o - a +0 pair of boots (worn)
Jewellery
 p - an uncursed ring of protection from cold {unknown}
Wands
 q - a wand of disintegration (14)
Scrolls
 e - 2 scrolls of blinking {unknown}
 i - 2 scrolls of fog {unknown}
 j - 2 scrolls of teleportation {unknown}
 m - 3 scrolls of identify {unknown}
Potions
 f - a potion of stabbing {unknown}
 h - a potion of flight {unknown}
 k - 2 potions of heal wounds {unknown}
 l - a potion of invisibility {unknown}
 n - a potion of curing {unknown}


   Skills:
 + Level 2.9 Fighting
 + Level 3.5 Axes
 + Level 2.1 Throwing
 + Level 0.8 Armour
 + Level 3.1 Dodging
 + Level 0.2 Stealth


You had 3 spell levels left.
You didn't know any spells.
Your spell library was empty.

Dungeon Overview and Level Annotations

Branches:
Dungeon (3/15)

Altars:
Cheibriados
Fedhas
Sif Muna
Uskayaw


Innate Abilities, Weirdness & Mutations

You have large cloven feet.
You are partially covered in slimy green scales. (AC +2)
When hurt, damage is shared between your health and your magic reserves.


Message History

You closely miss the orc priest.
The orc priest is severely wounded.
The orc priest barely misses you.
You closely miss the orc priest.
The orc priest is severely wounded.
The orc priest hits you but does no damage.
The orc priest closely misses you.
You closely miss the orc priest.
The orc priest is severely wounded.
The orc priest begins to cast a cantrip, but forgets the words!
You hit the orc priest.
You kill the orc priest!
You have reached level 4!
You feel agile.
Your demonic ancestry asserts itself...
Your feet thicken and deform.
Unknown command.
Things that are here:
a +0 hand axe; an orc corpse
There is a stone staircase leading down here.
Are you sure you want to abandon this character and quit the game? (Confirm with "yes".)

########## #........#
###########........#
#.[@[....##........#
###)####.##........#
#...##..#........#
#.......#........#
#############.#.##...........#
#.....##...##.#.##...###'#####
#.....##....#.................
#...†..................#.###.#
#........####.####.#.#.#.# #.#


There were no monsters in sight!

Vanquished Creatures
  An orc priest (D:2)
  2 adders (D:3)
  A worm (D:3)
  A dart slug (D:2)
  A leopard gecko (D:3)
  2 orcs (D:2)
  A bat (D:2)
  4 giant cockroaches
  8 goblins
  7 hobgoblins
  A frilled lizard (D:1)
  4 kobolds (D:1)
  4 rats
37 creatures vanquished.

Notes
Turn   | Place    | Note
-------+----------+-------------------------------------------
     0 | D:1      | karrick the Demonspawn Gladiator began the quest for the
                  | Orb.
     0 | D:1      | Reached XP level 1. HP: 16/16 MP: 1/1
    79 | D:1      | Gained mutation: You are partially covered in slimy green
                  | scales. (AC +2) [demonic ancestry]
    79 | D:1      | Reached XP level 2. HP: 16/22 MP: 2/2
   755 | D:1      | You fall into a shaft and drop 1 floor!
   791 | D:2      | Found a shimmering blue altar of Sif Muna.
   844 | D:2      | Found a blossoming altar of Fedhas.
   959 | D:2      | Gained mutation: When hurt, damage is shared between your
                  | health and your magic reserves. [demonic ancestry]
   959 | D:2      | Reached XP level 3. HP: 22/27 MP: 3/3
  1024 | D:2      | Found a snail-covered altar of Cheibriados.
  1501 | D:3      | Found a hide-covered altar of Uskayaw.
  1504 | D:3      | Noticed a -2 dagger
  1505 | D:3      | Noticed a +0 dagger
  2087 | D:2      | Gained mutation: You have large cloven feet. [demonic
                  | ancestry]
  2087 | D:2      | Reached XP level 4. HP: 19/34 MP: 2/4
  2090 | D:2      | Quit the game

Illustrated notes

Levels and vault maps discovered:
D:1:      dpeg_arrival_morbid_curiosity, layout_basic
D:2:      layout_basic, cheibriados_altar_1, old_standard_altar, fedhas_altar_2
D:3:      layout_basic, dancing_weapons_uskayaw, minmay_mini_jars

Skill      XL: |  1  2 |
---------------+-------+-----
Axes           | 3 |  3.5
Dodging        | 3 |  3.1
Throwing       | 2 |  2.1
Fighting       | |  2.9
Armour         | |  0.8
Stealth        | |  0.2

Action                   |  1- 3 |  4- 6 || total
-------------------------+-------+-------++-------
Melee: War axe           |    84 |       ||    84
  Use: Potion            |     1 |       ||     1
Armor: Leather armour    |    33 |       ||    33
Dodge: Dodged            |    72 |       ||    72

Table legend: (Time is in decaauts)
 A = Elapsed time spent in this place.
 B = Non-inter-level travel time spent in this place.
 C = Inter-level travel time spent in this place.
 D = Time resting spent in this place.
 E = Time spent auto-exploring this place.
 F = Levels seen in this place.
 G = Mean time per level.
                   A        B        C        D        E       F      G
               +--------+--------+--------+--------+--------+-----+--------+
         Total |   2123 |   2122 |      1 |    683 |   1119 |   3 |  707.7 |
       Dungeon |   2123 |   2122 |      1 |    683 |   1119 |   3 |  707.7 |
               +--------+--------+--------+--------+--------+-----+--------+

Top non-repeatable levels by time:
     D:2: 1040 daAuts
     D:1: 767 daAuts
     D:3: 314 daAuts
